cohdb
Replays
Latest Replays
All Replays
Popular Replays
Top Player Replays
Match Explorer
How It Works
Community
CoH3 Stats
Reddit
Sign in to upload your games and track your stats! →
Sign in with Steam
Match 43288865
Unlisted
Match 43288865
Overview
Messages
Build Orders
End
Kettenkrad Recon Vehicle
Construct Infanterie Kompanie
Selects Breakthrough Battlegroup
Selects Assault Grenadiers
Grenadier Squad
Grenadier Squad
Grenadier Squad
Grenadier Squad
Infanterie Officer Quarters
MG 42 Machine Gun Team
MG 42 Machine Gun Team
Selects Smoke Bombing Run
Construct Panzergrenadier Kompanie
Construct Panzer Kompanie
Selects Rapid Production
Grenadier Squad
Panzer IV Medium Tank
Selects Blitzkrieg
Pioneer Squad
Pioneer Squad
Grenadier Squad
Pak 40 Anti-tank Gun Team
Selects Tiger Heavy Tank
Pak 40 Anti-tank Gun Team
Selects Incendiary Bombing Run
Tiger Heavy Tank
Incendiary Bombing Run
Pioneer Squad
Panzer IV Medium Tank
Incendiary Bombing Run
Incendiary Bombing Run
Smoke Bombing Run
Panzer IV Medium Tank
Ghost
Shinshigumi
0
0
Comments
sign in to comment!
No comments posted yet!